cohdb
Replays
Latest Replays
All Replays
Popular Replays
Top Player Replays
Match Explorer
How It Works
Community
CoH3 Stats
Reddit
Sign in to upload your games and track your stats! →
Sign in with Steam
Match 48623197
Unlisted
Match 48623197
Overview
Messages
Build Orders
End
Kradschützen Motorcycle Team
Panzergrenadier Squad
250 Light Carrier
Panzergrenadier Squad
Selects Panzerjäger Kommand Battlegroup
Selects Mine Fields
Construct Light Support Kompanie
Combat Half-tracks
Fire Support Elements
Flakvierling Half-track
Vehicle Survival Package
Assault Mechanized Group
2.5-tonne Medical Truck
Selects Tank Busters
Selects Defensive Positions
Construct Panzerarmee Kommand
Panzer III L Medium Tank
Emergency Repair Kits
Selects Butterfly Bomb Drop
Selects Crew Shock Tactics
Tomsch
Angrybirds
dog4207
Alastor
0
0
Comments
sign in to comment!
No comments posted yet!